 Dungeon Crawl Stone Soup version 0.15.2 (webtiles) character file.

9319 4tharraofdagon the Geomancer (level 11, -1/56 HPs)
             Began as a Vine Stalker Earth Elementalist on Jan 21, 2015.
             Was an Elder of Cheibriados.
             Slain by a steam dragon (3 damage)
             ... on Level 10 of the Dungeon.
             The game lasted 00:37:09 (5971 turns).

4tharraofdagon the Geomancer (VSEE)                 Turns: 5971, Time: 00:37:09

HP  -1/56        AC  8     Str 20      XL: 11   Next: 44%
MP   0/24        EV 17     Int 30      God: Cheibriados [****..]
Gold 363         SH  0     Dex 24      Spells:  4 memorised,  8 levels left

rFire  . . .     SeeInvis .       - Unarmed
rCold  + . .     Clarity  .     H - +3 leather armour {rC+}
rNeg   . . .     rCorr    .     (no shield)
rPois  .         rRot     +     e - +1 helmet
rElec  .         Spirit   +     (no cloak)
SustAb .         Warding  .     (no gloves)
rMut   .         Stasis   .     (no boots)
Gourm  +                        t - amulet of the gourmand
MR     +....                    r - +1 ring of intelligence
                                h - ring of wizardry

@: very slow, somewhat resistant to hostile enchantments, unstealthy
A: fangs 3, blurry vision 1, clever 1, regeneration 2, magic shield, antimagic
bite, no device heal 3, rot immunity, placid magic 1
a: Bend Time, Temporal Distortion, Slouch, Renounce Religion


You were on level 10 of the Dungeon.
You worshipped Cheibriados.
Cheibriados was greatly pleased with you.
You were very full.

You visited 2 branches of the dungeon, and saw 12 of its levels.

You collected 363 gold pieces.

Inventory:

Hand weapons
 o - a +1 blowgun
Missiles
 b - 94 stones (quivered)
 x - 14 poisoned needles
Armour
 c - a +0 robe
 e - a +1 helmet (worn)
 i - a troll hide
 H - a +3 leather armour of cold resistance (worn)
 K - a +1 leather armour of magic resistance
Magical devices
 g - a wand of magic darts (10) {unknown}
 n - a wand of hasting (2)
 C - a wand of digging (6)
 L - a wand of confusion (12)
Comestibles
 a - 2 bread rations
 f - a beef jerky
 q - 5 fruits
 B - 3 meat rations
Scrolls
 p - 5 scrolls of fog
 w - 3 scrolls of enchant weapon
 y - 2 scrolls of remove curse
 F - 3 scrolls of random uselessness
Jewellery
 h - a ring of wizardry (left hand)
 m - an uncursed ring of protection from magic
 r - a +1 ring of intelligence (right hand)
 t - an amulet of the gourmand (around neck)
 M - an uncursed amulet of resist corrosion
 P - an uncursed ring of teleportation
Potions
 j - a potion of haste
 k - a potion of degeneration
 l - 2 potions of curing
 s - 2 potions of agility
 u - 2 potions of restore abilities
 v - a potion of flight
 z - a potion of beneficial mutation
 G - a potion of poison
 N - a potion of brilliance {unknown}
Books
 d - a book of Geomancy

   Spells                             Type                      Level
   *Sandblast                         Earth                        1
   *Stoneskin                         Transmutation/Earth          2
   Passwall                           Transmutation/Earth          3
   Stone Arrow                        Conjuration/Earth            3
   Petrify                            Transmutation/Earth          4
   *Lee's Rapid Deconstruction        Earth                        5
 J - a book of Battle

   Spells                             Type                      Level
   Infusion                           Charms                       1
   Shroud of Golubria                 Charms/Translocation         2
   Song of Slaying                    Charms                       2
   Spectral Weapon                    Hexes/Charms                 3
   *Regeneration                      Charms/Necromancy            3
Magical staves
 O - an uncursed staff of wizardry
Miscellaneous
 D - a sack of spiders {used: 2}


   Skills:
 + Level 6.0 Fighting
 + Level 5.6 Dodging
 - Level 2.4 Stealth
 * Level 9.1 Unarmed Combat
 + Level 4.8 Spellcasting
 * Level 4.8 Necromancy
 - Level 1.0 Transmutations
 * Level 9.3 Earth Magic
 + Level 3.2 Invocations
 + Level 2.6 Evocations


You had 8 spell levels left.
You knew the following spells:

 Your Spells              Type           Power        Failure   Level  Hunger
a - Sandblast             Erth           #####.       0%          1    None
b - Stoneskin             Trmt/Erth      ####....     1%          2    None
c - Lee's Rapid Deconstr  Erth           #####.....   1%          5    #####..
d - Regeneration          Chrm/Necr      ##........   1%          3    #......


Dungeon Overview and Level Annotations

Branches:
Dungeon (11/15)            Temple (1/1) D:6            Lair (0/8) D:9
    Orc: D:9-12

Altars:
Cheibriados
Dithmenos
Elyvilon
Fedhas
Makhleb
Okawaru
Qazlal
Trog
Xom
Yredelemnul
Zin

Portals:
Trove: D:10 (give 2 scrolls of acquirement)

Annotations:
D:8 exclusion: 2 oklob saplings, Grum, Maurice


Innate Abilities, Weirdness & Mutations

You have razor-sharp teeth.
You heal very quickly.
When hurt, damage is shared between your health and your magic reserves.
Your bite disrupts and absorbs the magic of your enemies.
Potions and wands cannot restore your health.
You are immune to rotting.
Your vision is a little blurry.
Your mind is acute. (Int +2)
Your spells are a little easier to cast, but a little less powerful.


Message History

The steam dragon is severely wounded.
You are engulfed in a cloud of scalding steam.
Unknown command.
Unknown command.
Unknown command.
Unknown command.
Unknown command.
Unknown command.
Unknown command.
Unknown command.
Unknown command.
Unknown command.
Unknown command.
You barely miss the steam dragon. Your bite misses the steam dragon.
The steam dragon is severely wounded.
You are engulfed in a cloud of scalding steam.
* * * LOW HITPOINT WARNING * * *
The steam dragon bites you but does no damage.
The steam dragon claws you.
You die...

#...########...>#
#...... #...# #....#
#...... #...# #..###
#...... #...# #..#
#...... #...# . #<.#
#...... ###...#... #..#
#.#+### #.....#....
#..#########. #
#.....#..... #..........
#
#.....#......#@......<..
#
#.....#......D......####
# #####.###############
## # #....# ##.##
##....# .o#.o.# #.....#
.o.o.o. #.....# .......
###...# $....... #...# #


You could see a steam dragon.

Vanquished Creatures
  An unseen horror (D:10)
  3 hill giants (D:10)
  An ugly thing (D:10)
  An elephant (D:9)
  3 trolls
  10 yaks (D:10)
  2 hungry ghosts
  Eustachio (D:5)
  4 wandering mushrooms (D:8)
  Edmund (D:4)
  Menkaure (D:6)
  An ice beast (D:7)
  4 phantoms
  4 ogres
  A crocodile (D:9)
  3 centaurs
  Blork the orc (D:6)
  2 big kobolds
  6 giant frogs
  8 scorpions
  6 wights
  2 killer bees
  A hippogriff skeleton (D:9)
  4 crimson imps
  4 goliath beetles
  4 hounds
  2 centaur skeletons
  A giant frog skeleton (D:5)
  6 orc priests
  4 iguanas
  2 orc wizards
  A two-headed ogre skeleton (D:7)
  3 worker ants
  A sheep (D:8)
  A killer bee zombie (D:9)
  A worker ant zombie (D:4)
  2 scorpion zombies (D:4)
  10 adders
  2 orc skeletons
  3 giant mites
  A green rat (D:6)
  3 shadow imps
  An orc zombie (D:8)
  An iguana zombie (D:4)
  An adder skeleton (D:4)
  2 giant geckos
  An ooze (D:1)
  15 orcs
  2 ball pythons
  A bat skeleton (D:7)
  A bat zombie (D:4)
  11 hobgoblins
  4 jackals
  21 kobolds
  2 quokkas
  8 bats
  3 giant cockroaches
  2 giant newts
  A giant spore (D:10)
  6 goblins
  A kobold zombie (D:4)
  14 rats
  A ballistomycete (D:10)
221 creatures vanquished.

Vanquished Creatures (collateral kills)
  A goliath beetle (D:9)
  An orc wizard (D:10)
  An orc (D:10)
3 creatures vanquished.

Vanquished Creatures (others)
  A spider (D:10)
1 creature vanquished.

Grand Total: 225 creatures vanquished

Notes
Turn   | Place    | Note
--------------------------------------------------------------
     0 | D:1      | 4tharraofdagon, the Vine Stalker Earth Elementalist, began the quest for the Orb.
     0 | D:1      | Reached XP level 1. HP: 9/9 MP: 3/3
    63 | D:1      | Reached skill level 1 in Unarmed Combat
   100 | D:2      | Reached XP level 2. HP: 12/14 MP: 5/5
   179 | D:2      | Reached XP level 3. HP: 17/17 MP: 7/7
   276 | D:1      | Reached skill level 1 in Fighting
   469 | D:2      | Reached XP level 4. HP: 22/22 MP: 5/8
   987 | D:3      | Found a burning altar of Makhleb.
  1201 | D:4      | Noticed a giant frog
  1217 | D:4      | Reached XP level 5. HP: 10/26 MP: 1/11
  1334 | D:4      | Noticed an ogre
  1400 | D:4      | Learned a level 2 spell: Stoneskin
  1406 | D:4      | Learned a level 5 spell: Lee's Rapid Deconstruction
  1428 | D:4      | Killed an ogre
  1428 | D:4      | Gained mutation: You heal very quickly. [vine stalker growth]
  1428 | D:4      | Reached XP level 6. HP: 24/30 MP: 6/12
  1439 | D:4      | Noticed Edmund
  1537 | D:4      | Killed Edmund
  1537 | D:4      | Reached skill level 4 in Unarmed Combat
  1560 | D:4      | Killed a giant frog
  1644 | D:4      | Reached XP level 7. HP: 35/35 MP: 14/14
  1720 | D:4      | Gained mutation: Armour fits poorly on your strangely shaped body. [potion of mutation]
  1720 | D:4      | Gained mutation: You can translocate small distances at will. [potion of mutation]
  1720 | D:4      | Gained mutation: You are frail (-10% HP). [potion of mutation]
  1721 | D:4      | meh
  1929 | D:5      | Entered Level 5 of the Dungeon
  1967 | D:6      | Gained mutation: You are clumsy. (Dex -2) [potion of mutation]
  1967 | D:6      | Gained mutation: You can spit poison. [potion of mutation]
  2009 | D:6      | Noticed Eustachio
  2141 | D:8      | Reached skill level 5 in Earth Magic
  2160 | D:8      | Reached skill level 5 in Unarmed Combat
  2321 | D:8      | Gained mutation: You have razor-sharp teeth. [vine stalker growth]
  2321 | D:8      | Reached XP level 8. HP: 36/36 MP: 13/16
  2391 | D:8      | Noticed a hungry ghost
  2414 | D:8      | Killed a hungry ghost
  2474 | D:8      | Reached skill level 6 in Earth Magic
  2641 | D:6      | Noticed Menkaure
  2655 | D:6      | Found a staircase to the Ecumenical Temple.
  3118 | D:5      | Killed Eustachio
  3176 | D:6      | Killed Menkaure
  3176 | D:6      | Reached XP level 9. HP: 40/40 MP: 18/18
  3235 | D:6      | Found a shimmering altar of Xom.
  3236 | D:6      | Found a shimmering altar of Xom.
  3237 | D:6      | Found a shimmering altar of Xom.
  3272 | D:6      | Reached skill level 7 in Earth Magic
  3328 | Temple   | Entered the Ecumenical Temple
  3341 | Temple   | Became a worshipper of Cheibriados the Contemplative
  3379 | D:6      | Noticed Blork the orc
  3391 | D:6      | Killed Blork the orc
  4018 | D:7      | Lost mutation: You can spit poison. [potion of cure mutation]
  4018 | D:7      | Lost mutation: You are clumsy. (Dex -2) [potion of cure mutation]
  4018 | D:7      | Lost mutation: You are frail (-10% HP). [potion of cure mutation]
  4018 | D:7      | Lost mutation: Armour fits poorly on your strangely shaped body. [potion of cure mutation]
  4018 | D:7      | Lost mutation: You can translocate small distances at will. [potion of cure mutation]
  4107 | D:8      | Reached skill level 1 in Invocations
  4148 | D:8      | Learned a level 3 spell: Regeneration
  4151 | D:8      | Noticed Maurice
  4234 | D:8      | Noticed a wandering mushroom
  4242 | D:8      | Killed a wandering mushroom
  4242 | D:8      | Reached skill level 5 in Fighting
  4242 | D:8      | Reached skill level 1 in Necromancy
  4247 | D:8      | Noticed a wandering mushroom
  4272 | D:8      | Killed a wandering mushroom
  4276 | D:8      | Found a blossoming altar of Fedhas.
  4276 | D:8      | Noticed a wandering mushroom
  4276 | D:8      | Noticed a wandering mushroom
  4320 | D:8      | Killed a wandering mushroom
  4333 | D:8      | Killed a wandering mushroom
  4417 | D:8      | Reached XP level 10. HP: 51/51 MP: 21/21
  4448 | D:9      | Found a staircase to the Lair.
  4448 | D:9      | Noticed an elephant
  4552 | D:9      | Reached skill level 8 in Earth Magic
  4787 | D:9      | Killed an elephant
  4787 | D:9      | Reached skill level 5 in Dodging
  4831 | D:8      | Noticed Grum
  4831 | D:8      | Noticed a two-headed ogre
  4957 | D:9      | Reached skill level 1 in Evocations
  5184 | D:10     | Entered Level 10 of the Dungeon
  5233 | D:10     | Gained mutation: Your spells are a little harder to cast, but a little more powerful. [potion of mutation]
  5233 | D:10     | Gained mutation: You tend to lose your temper in combat. [potion of mutation]
  5233 | D:10     | Gained mutation: You have difficulty communicating with the divine. [potion of mutation]
  5234 | D:10     | meh
  5234 | D:10     | Lost mutation: You tend to lose your temper in combat. [potion of cure mutation]
  5234 | D:10     | Lost mutation: Your spells are a little harder to cast, but a little more powerful. [potion of cure mutation]
  5234 | D:10     | Lost mutation: You have difficulty communicating with the divine. [potion of cure mutation]
  5235 | D:10     | 3rd attempt
  5235 | D:10     | Gained mutation: Your vision is a little blurry. [potion of mutation]
  5235 | D:10     | Gained mutation: Your spells are a little easier to cast, but a little less powerful. [potion of mutation]
  5235 | D:10     | Gained mutation: Your mind is acute. (Int +2) [potion of mutation]
  5236 | D:10     | meh (x3)
  5265 | D:10     | Noticed a hill giant
  5282 | D:10     | Killed a hill giant
  5357 | D:10     | Killed an unseen horror
  5376 | D:10     | Acquired Cheibriados' first power
  5470 | D:10     | Found a portal to a secret trove of treasure.
  5475 | D:10     | Noticed a hill giant
  5482 | D:10     | Killed a hill giant
  5482 | D:10     | Reached XP level 11. HP: 35/56 MP: 17/24
  5572 | D:10     | Noticed a hill giant
  5579 | D:10     | Killed a hill giant
  5579 | D:10     | Reached skill level 9 in Earth Magic
  5914 | D:10     | Acquired Cheibriados' second power
  5968 | D:10     | HP: 1/56 [steam dragon] (3)]
  5971 | D:10     | Slain by a steam dragon

Action                   |  1- 3 |  4- 6 |  7- 9 | 10-12 || total
-------------------------+-------+-------+-------+-------++-------
Melee: Unarmed           |    73 |   117 |   529 |   294 ||  1013
 Fire: Blowgun           |       |       |    15 |    15 ||    30
Throw: Stone             |       |       |       |     1 ||     1
 Cast: Sandblast         |    11 |    32 |    17 |       ||    60
       Stoneskin         |       |     1 |     3 |     6 ||    10
       Regeneration      |       |       |     2 |       ||     2
Evoke: Wand              |       |       |     2 |     3 ||     5
       Sack of spiders   |       |       |       |     3 ||     3
  Use: Scroll            |       |     6 |    12 |     8 ||    26
       Potion            |       |       |     5 |     3 ||     8
 Stab: Sleeping          |       |     2 |     5 |     3 ||    10
       Confused          |       |       |       |     1 ||     1
       Distracted        |       |       |       |     1 ||     1
  Eat: Chunk             |       |     3 |    21 |    13 ||    37
       Fruit             |       |     1 |       |       ||     1
